 Dungeon Crawl Stone Soup version 0.30-a0-738-g116ff8c4af (webtiles) character file.

Game seed: 15542444973492759747

627331 holysushi the Imperceptible (level 27, -8/177 (179) HPs)
             Began as a Kobold Monk on Feb 4, 2023.
             Was an Initiate of Gozag.
             Mangled by a death scarab (13 damage)
             ... while petrified
             ... on level 3 of the Tomb of the Ancients.
             The game lasted 02:09:35 (74185 turns).

holysushi the Imperceptible (Kobold Monk)          Turns: 74185, Time: 02:09:36

HP:   -8/177 (179)  AC:  6    Str:  8      XL:     27
MP:   0/43          EV:  3    Int:  5 (14) God:    Gozag
Gold: 2110          SH:  0    Dex: 52      Spells: 55/58 levels left

rFire   + + .      SeeInvis .    a - +9 rapier (speed)
rCold   + . .      Faith    .    S - +3 buckler of the Sunfish {Dex+5}
rNeg    + + +      Spirit   +    t - +0 robe of Insecurity {rN++ Regen+}
rPois   ∞          Reflect  .    j - +0 hat of Dishonesty {Drain Fly Will+ Int+3}
rElec   .          Harm     .    W - scarf {shadows}
rCorr   +          Rampage  .    s - +1 pair of gloves "Ecliq" {-Cast rCorr Slay+6}
Will    +++..      Rnd*Tele +    T - +2 pair of slick slippers {slick, slippery, EV+5} Stlth ***+++++++ NoCast +
                                 v - amulet "Kuoxzuta" {Spirit Regen+ Dex+3 Slay+2}
HPRegen 2.09/turn                Q - +6 ring of dexterity
MPRegen 0.28/turn                q - ring of Wiukhlil {rF++ Str-2 Dex+6}

@: petrified, marked, flying, slowed, lightly drained
A: small, no large weapons, nightstalker 3, agile 1, cold resistance 1,
teleportitis 1
}: 5/15 runes: serpentine, barnacled, slimy, silver, golden
a: Renounce Religion, Potion Petition, Call Merchant, Bribe Branch


You were on level 3 of the Tomb of the Ancients.
You worshipped Gozag.
Gozag was most pleased with you.
You visited 11 branches of the dungeon, and saw 50 of its levels.
You visited 1 bazaar.
You also visited: Trove, Bailey, Gauntlet, Volcano and Desolation.

You collected 19802 gold pieces.
You spent 4997 gold pieces at shops.
You paid 12695 gold pieces to Gozag.

Inventory:

Hand Weapons
 a - a +9 rapier of speed (weapon)
 J - the +8 demon blade "Leech" {evervamp, Harm Drain rN+}
   (You found it on level 3 of the Crypt)

   rN:        It protects you from negative energy.
   Drain:     It drains your maximum health when unequipped.
   Harm:      It increases damage dealt and taken.
Armour
 e - a +2 cloak of willpower
 j - the +0 hat of Dishonesty (worn) {Drain Fly Will+ Int+3}
   (You bought it in a shop on level 5 of the Vaults)

   Int:       It affects your intelligence (+3).
   Fly:       It grants you flight.
   Drain:     It drains your maximum health when unequipped.
   Will:      It increases your willpower.
 k - the +4 buckler "Ugech" {rC++}
   (You found it in a treasure trove)

   rC:        It greatly protects you from cold.
 s - the +1 pair of gloves "Ecliq" (worn) {-Cast rCorr Slay+6}
   (You found it on level 13 of the Dungeon)

   Slay:      It affects your accuracy & damage with ranged weapons and melee
   (+6).
   -Cast:     It prevents spellcasting.
   rCorr:     It protects you from acid and corrosion.
 t - the +0 robe of Insecurity (worn) {rN++ Regen+}
   (You bought it in a shop in a bazaar)

   rN:        It greatly protects you from negative energy.
   Regen:     It increases your rate of health regeneration.
 H - the +2 cloak of Soft Rains {rN+++ Will- Int+4}
   (You found it in a Gauntlet)

   Int:       It affects your intelligence (+4).
   rN:        It renders you almost immune to negative energy.
   Will:      It decreases your willpower.
 S - the +3 buckler of the Sunfish (worn) {Dex+5}
   (You found it in a treasure trove)

   Dex:       It affects your dexterity (+5).
 T - the +2 pair of slick slippers (worn) {slick, slippery, EV+5}
   (You found it on level 3 of the Elven Halls)

   Slick:     Its wearer cannot be constricted, engulfed, netted or webbed.
   Slippery:  It slips away from damaging melee attacks, pulling the attacker
   onward.
   EV:        It affects your evasion (+5).
 W - a scarf of shadows (worn)
Jewellery
 c - a +6 ring of intelligence
 m - the ring of Irrepressible Laughter {Ice rCorr}
   (You took it off a deep elf annihilator on level 3 of the Elven Halls)

   [ring of ice]

   It enhances your ice magic.
   rF:        It makes you vulnerable to fire.
   rC:        It protects you from cold.
   rCorr:     It protects you from acid and corrosion.
 q - the ring of Wiukhlil (right hand) {rF++ Str-2 Dex+6}
   (You found it in the Desolation of Salt)

   [ring of dexterity]

   Str:       It affects your strength (-2).
   Dex:       It affects your dexterity (+6).
   rF:        It greatly protects you from fire.
 v - the amulet "Kuoxzuta" (around neck) {Spirit Regen+ Dex+3 Slay+2}
   (You bought it in a shop on level 2 of the Orcish Mines)

   [amulet of guardian spirit]

   It causes incoming damage to be divided between your reserves of health and
   magic.
   Dex:       It affects your dexterity (+3).
   Slay:      It affects your accuracy & damage with ranged weapons and melee
   (+2).
   Regen:     It increases your rate of health regeneration.
 A - the ring "Apif" {rPois rF+ rN+}
   (You found it in a Gauntlet)

   [ring of poison resistance]

   rF:        It protects you from fire.
   rPois:     It protects you from poison.
   rN:        It protects you from negative energy.
 K - a ring of see invisible
 Q - a +6 ring of dexterity (left hand)
 V - the ring of Amelioration {Drain rF+ Will+ Int+4 Slay+5}
   (You found it on level 3 of the Elven Halls)

   [ring of willpower]

   Int:       It affects your intelligence (+4).
   Slay:      It affects your accuracy & damage with ranged weapons and melee
   (+5).
   rF:        It protects you from fire.
   Drain:     It drains your maximum health when unequipped.
   Will:      It increases your willpower.
Wands
 o - a wand of light (14)
 r - a wand of digging (11)
 B - a wand of iceblast (46)
Scrolls
 g - 5 scrolls of immolation
 w - 14 scrolls of teleportation
 C - 7 scrolls of magic mapping
 E - 5 scrolls of blinking
 F - 9 scrolls of amnesia
 G - 6 scrolls of fear
 I - 5 scrolls of fog
 N - 13 scrolls of enchant armour
 O - a scroll of summoning
 X - 34 scrolls of identify
 Y - 7 scrolls of vulnerability
Potions
 d - 8 potions of curing
 f - 10 potions of attraction
 h - a potion of resistance
 l - 14 potions of might
 n - 10 potions of haste
 u - 7 potions of magic
 x - 7 potions of mutation
 y - 6 potions of ambrosia
 z - 12 potions of lignification
 D - 3 potions of invisibility
 L - 5 potions of flight
 M - 6 potions of brilliance
 U - 4 potions of heal wounds
 Z - 6 potions of cancellation
Miscellaneous
 b - a phantom mirror
 i - a phial of floods
 p - a lightning rod (4/4)
 P - a box of beasts
 R - a condenser vane (inert)


   Skills:
 - Level 20.0 Fighting
 - Level 26.9 Short Blades
 - Level 26.9 Dodging
 - Level 26.9 Stealth
 - Level 5.0 Shields
 + Level 16.4 Spellcasting
 - Level 10.0 Invocations
 - Level 26.9 Evocations


You had 55 spell levels left.
You knew the following spells:

 Your Spells              Type           Power      Damage    Failure   Level
a - Confusing Touch       Hex            4%         N/A       41%         3

Your spell library contained the following spells:

 Spells                   Type           Power      Damage    Failure   Level
 Freeze                   Ice            16%        1d4       14%         1
 Magic Dart               Conj           16%        1d3       14%         1
 Necrotise                Necr           16%        1d4       14%         1
 Sandblast                Erth           8%         2d5       14%         1
 Shock                    Conj/Air       16%        1d4       14%         1
 Slow                     Hex            16%        N/A       14%         1
 Blink                    Tloc           8%         N/A       22%         2
 Cigotuvi's Dreadful Rot  Necr/Pois/Air  8%         N/A       22%         2
 Lesser Beckoning         Tloc           8%         N/A       22%         2
 Passwall                 Tmut/Erth      3%         N/A       22%         2
 Poisonous Vapours        Pois/Air       8%         N/A       22%         2
 Scorch                   Fire           8%         2d5       22%         2
 Searing Ray              Conj           8%         2d4       22%         2
 Static Discharge         Conj/Air       8%         2-3/arc   22%         2
 Sublimation of Blood     Necr           4%         N/A       22%         2
 Wereblood                Tmut           4%         N/A       22%         2
 Gell's Gravitas          Tloc           4%         N/A       41%         3
 Mephitic Cloud           Conj/Pois/Air  4%         N/A       41%         3
 Ozocubu's Armour         Ice            4%         N/A       41%         3
 Portal Projectile        Hex/Tloc       8%         N/A       41%         3
 Spider Form              Tmut/Pois      4%         N/A       41%         3
 Stone Arrow              Conj/Erth      8%         3d7       41%         3
 Summon Guardian Golem    Hex/Summ       4%         N/A       41%         3
 Swiftness                Air            4%         N/A       41%         3
 Teleport Other           Tloc           4%         N/A       41%         3
 Tukima's Dance           Hex            4%         N/A       41%         3
 Vampiric Draining        Necr           4%         2d6       41%         3
 Airstrike                Air            2%         2d(1-17)  82%         4
 Animate Armour           Summ/Erth      8%         N/A       82%         4
 Flame Wave               Conj/Fire      4%         2d5       82%         4
 Fulminant Prism          Conj/Hex       2%         3d5       82%         4
 Leda's Liquefaction      Hex/Erth       2%         N/A       82%         4
 Manifold Assault         Tloc           4%         N/A       82%         4
 Olgreb's Toxic Radiance  Pois           4%         N/A       82%         4
 Passage of Golubria      Tloc           4%         N/A       82%         4
 Agony                    Necr           4%         N/A       99%         5
 Alistair's Intoxication  Tmut/Pois      2%         N/A       99%         5
 Blade Hands              Tmut           2%         N/A       99%         5
 Borgnjor's Vile Clutch   Necr/Erth      2%         N/A       99%         5
 Freezing Cloud           Conj/Ice/Air   2%         6-21      99%         5
 Iskenderun's Battlesphe  Conj           4%         2d6       99%         5
 Lee's Rapid Deconstruct  Erth           2%         3d4*      99%         5
 Metabolic Englaciation   Hex/Ice        2%         N/A       99%         5
 Summon Forest            Summ/Tloc      2%         N/A       99%         5
 Summon Mana Viper        Hex/Summ       4%         N/A       99%         5
 Yara's Violent Unravell  Hex/Tmut       2%         3d3       99%         5
 Dispersal                Tloc           2%         N/A       100%        6
 Eringya's Noxious Bog    Tmut/Pois      2%         N/A       100%        6
 Iron Shot                Conj/Erth      2%         9d2       100%        6
 Statue Form              Tmut/Erth      2%         N/A       100%        6
 Summon Cactus Giant      Summ           2%         N/A       100%        6
 Enfeeble                 Hex            2%         N/A       100%        7
 Ozocubu's Refrigeration  Ice            2%         4d7       100%        7
 Spellforged Servitor     Conj/Summ      2%         N/A       100%        7
 Storm Form               Tmut/Air       2%         N/A       100%        7
 Summon Hydra             Summ           2%         N/A       100%        7
 Borgnjor's Revivificati  Necr           2%         N/A       100%        8
 Ignition                 Fire           2%         3d3       100%        8
 Lehudib's Crystal Spear  Conj/Erth      2%         10d2      100%        8
 Necromutation            Tmut/Necr      2%         N/A       100%        8
 Death's Door             Necr           2%         N/A       100%        9
 Polar Vortex             Ice            2%         N/A       100%        9
 Simulacrum               Ice/Necr       Unusable   N/A       N/A         6

Dungeon Overview and Level Annotations

Branches:
Dungeon (15/15) Zot: 24678  Temple (1/1) D:4 Zot: 5872    Lair (5/5) D:10 Zot: 22258
 Shoals (4/4) Lair:3 Zot: 16655   Snake (4/4) Lair:2 Zot: 17510   Slime (5/5) Lair:5 Zot: 23397
    Orc (2/2) D:11 Zot: 10384     Elf (3/3) Orc:2 Zot: 14055  Vaults (5/5) D:13 Zot: 20912
  Crypt (3/3) Vaults:2 Zot: 13772    Tomb (3/3) Crypt:3 Zot: 12760  Depths (0/4) D:15
 Bailey (visited)         Volcano (visited)         Desolation (visited)
Gauntlet (visited)

Altars:
Ashenzari
Cheibriados
Dithmenos
Elyvilon
Fedhas
Gozag
Hepliaklqana
Kikubaaqudgha
Makhleb
Nemelex Xobeh
Okawaru
Qazlal
Ru
Sif Muna
Trog
Uskayaw
Vehumet
Wu Jian
Xom
Yredelemnul
Zin
The Shining One
Jiyva

Shops:
D:2 ?   D:6 [   D:10 =   D:12 ([   D:13 :   Orc:2 [=?*   Lair:5 [   Shoals:3 *
Snake:2 :   Snake:4 :=:**   Vaults:2 =[*   Vaults:3 *   Vaults:5 *?![==?
Crypt:2 =   Crypt:3 *

Portals:
Abyss: Vaults:1

Annotations:
D:8 3 runed translucent doors
D:11 1 runed translucent door
Shoals:1 exclusion: downstairs


Innate Abilities, Weirdness & Mutations

You are small and have problems with some larger weapons.
You are completely attuned to the shadows.
You are agile. (Dex +4, Str/Int -1)
Your flesh is cold resistant. (rC+)
You are occasionally teleported next to monsters.


Message History

The death scarab bites you!
* * * LOW HITPOINT WARNING * * *
The death scarab bites you!
* * * LOW HITPOINT WARNING * * *
The death scarab drains your vigour!
You feel as though you will be slow longer.
The death scarab bites you.
* * * LOW HITPOINT WARNING * * *
The death scarab drains your vigour!
You already are as slow as you could be.
The death scarab bites you!
* * * LOW HITPOINT WARNING * * *
The death scarab drains your vigour!
You already are as slow as you could be.
The death scarab barely misses you.
The skeletal warrior hits you from afar with a +0 trident!
* * * LOW HITPOINT WARNING * * *
The death scarab bites you!!
* * * LOW HITPOINT WARNING * * *
The death scarab drains your vigour!
You already are as slow as you could be.
You slip backwards!
The death scarab barely misses you. The death scarab bites you!!
* * * LOW HITPOINT WARNING * * *
The death scarab drains your vigour!
You feel as though you will be slow longer.
The death scarab bites you!
* * * LOW HITPOINT WARNING * * *
The death scarab barely misses you. x3
The death scarab bites you!!
* * * LOW HITPOINT WARNING * * *
The death scarab drains your vigour!
You feel as though you will be slow longer.
The death scarab bites you.
* * * LOW HITPOINT WARNING * * *
The death scarab drains your vigour!
You already are as slow as you could be.
The death scarab bites you!!
You die...
Your body crumbles into a pile of gold.

#BzzM##...........
#...##............
#.M.#.....########
#$..#....##.......
#.$.#....#....####
#zz.#....##.......
#.B.#....^########
#BB$##............
#@BB.##......)....
##B...####...#####
#?......)........
##........../....
###......^......
##############


You could see 2 skeletal warriors and 6 death scarabs.

Vanquished Creatures
  A dread lich (Vaults:5)
  Khufu (Tomb:3)
  An ancient lich (Vaults:5)
  Mennas (Tomb:1)
  40 royal mummies
  Sojobo (Crypt:1)
  Saint Roka (Elf:3)
  Nikola (Elf:2)
  3 golden dragons (Vaults:5)
  A profane servitor (Vaults:1)
  A spectral shard shrike (Crypt:3)
  Rupert (Orc:2)
  4 tentacled monstrosities (Vaults:5)
  A Hell Sentinel (Vaults:1)
  3 liches
  5 deep elf blademasters
  14 titans
  2 quicksilver dragons
  4 deep elf master archers
  23 acid blobs
  10 sphinxes
  A tentacled starspawn (Vaults:1)
  5 ancient champions
  A kraken (Shoals:4)
  Gastronok (Lair:1)
  Polyphemus (Shoals:2)
  The ghost of Pileu the Eclecticist, an adept DsFE of Sif Muna (Vaults:2)
  4 tengu reavers
  Donald (Elf:3)
  3 shadow dragons (Vaults:5)
  11 azure jellies
  Ilsuiw (Shoals:2)
  3 storm dragons (Vaults:5)
  4 nagarajas (Snake:4)
  10 rockslimes
  5 revenants
  20 fire giants
  12 vault wardens
  A spectral juggernaut (Crypt:3)
  A ghost moth (Crypt:3)
  2 imperial myrmidons (Desolation)
  2 iron dragons
  18 frost giants
  8 deep elf sorcerers
  The ghost of Usinnox the Warrior, a journeyman OpFi of Okawaru (D:15)
  A juggernaut zombie (Tomb:3)
  A cacodemon (Vaults:1)
  16 ironbound preservers
  2 curse skulls
  Aizul (Snake:2)
  A deep elf elementalist (Elf:3)
  A broodmother (shapeshifter) (Vaults:2)
  8 quicksilver oozes
  8 ghouls
  A war gargoyle (Vaults:5)
  The ghost of Pixtaico the Unseen, an adept FeNe of Elyvilon (Vaults:1)
  9 very ugly things
  The ghost of sirJeffrey23 the Marksnaga, a journeyman NaHu of Hepliaklqana (D:14)
  14 stone giants
  A green draconian (Vaults:2)
  7 ironbound thunderhulks
  3 vampire knights
  10 deep elf demonologists
  19 bennus
  A yellow draconian (Slime:4)
  Azrael (D:15)
  9 dire elephants
  A purple draconian (Vaults:2)
  A halazid warlock (Desolation)
  11 deep elf annihilators
  A minotaur (Gauntlet)
  Snorg (Lair:3)
  3 spectral quicksilver dragons (Crypt:3)
  4 ettins
  11 eidola
  26 mummy priests
  Josephine (Snake:1)
  5 deep elf death magi
  4 merfolk javelineers (Shoals:4)
  3 crystal guardians
  14 merfolk impalers
  4 jiangshi
  2 quicksilver dragon zombies (Vaults:4)
  13 ragged hierophants
  6 deep elf high priests
  A fire dragon (Lair:5)
  A spectral shadow dragon (Crypt:3)
  12 great orbs of eyes
  A fenstrider witch zombie (Tomb:1)
  2 spectral spriggans (Crypt:3)
  15 yaktaur captains
  6 servants of whispers
  A spectral fenstrider witch (Crypt:3)
  4 salamander tyrants
  Harold (Lair:2)
  9 peacekeepers (Desolation)
  A quicksilver dragon skeleton (Crypt:3)
  A rakshasa (D:14)
  Fannar (Orc:1)
  2 hydras
  A fenstrider witch skeleton (Tomb:2)
  6 merfolk avatars
  29 vault guards
  25 centaur warriors
  A catoblepas (Shoals:2)
  Erica (Orc:1)
  2 ogre magi (Vaults:5)
  3 satyrs
  13 ironbound frosthearts
  20 dancing weapons
  63 death scarabs
  7 boulder beetles
  4 two-headed ogres
  8 anacondas
  4 death knights
  3 merfolk aquamancers (Shoals:4)
  9 death yaks
  2 titan zombies
  2 tengu warriors (D:14)
  16 naga warriors
  2 vampire magi
  3 orc high priests (Orc:2)
  22 deep elf knights
  2 soul eaters (Crypt:2)
  A spectral storm dragon (Crypt:3)
  10 naga sharpshooters
  A hell knight (Volcano)
  6 shock serpents
  Sonja (D:12)
  7 shadow wraiths (Crypt:3)
  6 salamander mystics
  A spectral bunyip (Crypt:3)
  A fire crab (shapeshifter) (D:9)
  42 deep trolls
  2 sixfirhies (Gauntlet)
  25 skeletal warriors
  9 flayed ghosts
  17 sea snakes
  10 naga ritualists
  A death drake (Gauntlet)
  A spectral anaconda (Crypt:3)
  A spectral hydra (Crypt:3)
  14 deep elf archers
  2 bog bodies (Crypt:2)
  16 phantasmal warriors
  A glowing orange brain (Vaults:2)
  29 ironbound convokers
  A sea snake (shapeshifter) (D:15)
  5 wizards
  2 spriggan simulacra
  36 deep elf zephyrmancers
  12 lindwurms
  28 deep elf pyromancers
  A wolf spider (D:15)
  8 necromancers
  7 orc knights
  22 ugly things
  17 mana vipers
  31 harpies
  5 orc sorcerers
  A stone giant zombie (Tomb:1)
  An iron giant skeleton (Crypt:1)
  8 cyclopes
  A spectral ettin (Crypt:3)
  3 spectral centaurs
  6 shining eyes
  A shadow dragon skeleton (Crypt:3)
  2 worldbinders (Vaults:1)
  A centaur zombie (Gauntlet)
  17 manticores
  19 fauns
  19 salamanders
  12 guardian serpents
  7 merfolk sirens
  A human skeleton (Vaults:1)
  7 elephants (Lair:3)
  50 black mambas
  19 naga magi
  5 water nymphs
  15 vault sentinels
  5 eyes of devastation
  An alligator snapping turtle zombie (Crypt:3)
  2 centaur skeletons
  A smoke demon (Gauntlet)
  3 gargoyles
  5 molten gargoyles
  8 cane toads
  20 yaktaurs
  2 rime drakes
  A hellion (Vaults:1)
  2 unseen horrors (D:12)
  Maggie (D:10)
  2 efreet (D:14)
  14 komodo dragons
  A tengu conjurer (D:14)
  22 freezing wraiths
  A bunyip simulacrum (Crypt:1)
  39 guardian mummies
  2 spectral harpies (Crypt:3)
  An alligator snapping turtle skeleton (Tomb:1)
  A catoblepas skeleton (Crypt:2)
  A shadow dragon simulacrum (Crypt:3)
  3 trolls
  31 merfolk
  3 meliai (D:14)
  62 saltlings
  A tarantella (shapeshifter) (Vaults:2)
  4 polar bears
  A wind drake (shapeshifter) (Vaults:1)
  A blink frog (shapeshifter) (Elf:3)
  A hydra skeleton (Crypt:3)
  6 wind drakes
  23 blink frogs
  A mana viper skeleton (Crypt:1)
  A culicivora zombie (Crypt:1)
  11 dream sheep
  A jumping spider zombie (Crypt:3)
  2 harpy skeletons
  13 snapping turtles
  A centaur simulacrum (Tomb:3)
  16 flying skulls
  89 slime creatures
  An ice dragon skeleton (Crypt:1)
  A vampire (D:10)
  9 wraiths
  6 ushabtiu
  9 water elementals
  Sigmund (D:5)
  4 air elementals
  A slime creature zombie (Crypt:1)
  An alligator skeleton (Crypt:2)
  8 fire elementals
  A fire bat (Volcano)
  An elf zombie (Vaults:1)
  22 humans
  4 wyverns
  2 steam dragons
  30 yaks
  8 basilisks
  An alligator snapping turtle simulacrum (Crypt:3)
  10 golden eyes
  5 wargs
  A merfolk zombie (Crypt:2)
  A harpy simulacrum (Crypt:3)
  48 nagas
  A hydra simulacrum (Crypt:3)
  9 water moccasins
  Duvessa (D:4)
  2 acid dragons
  7 hell hounds
  A water nymph skeleton (Crypt:2)
  39 orc warriors
  A black bear (Lair:1)
  A hornet zombie (Gauntlet)
  A sky beast (D:7)
  An ice beast (D:8)
  6 ogres
  9 wolves
  15 centaurs
  A phantom (D:7)
  A draconian zombie (Crypt:2)
  2 kobold brigands (D:8)
  A yaktaur zombie (Crypt:2)
  2 human zombies
  5 bullfrogs
  4 necrophages (Crypt:3)
  2 earth elementals
  A gnoll sergeant (D:13)
  2 scorpions (D:6)
  Dowan (D:4)
  8 wights
  A raiju zombie (Crypt:2)
  11 killer bees
  A troll zombie (Crypt:1)
  5 howler monkeys
  11 lava snakes
  4 crimson imps (Gauntlet)
  A jelly (D:5)
  26 orc priests
  A gnoll bouda (D:7)
  3 hounds (D:5)
  2 iguanas (D:5)
  14 orc wizards
  7 hell rats (Lair:4)
  An ogre zombie (Crypt:3)
  2 naga zombies
  36 mummies
  9 gnolls
  10 adders
  A shadow imp (D:6)
  2 white imps
  3 worms (D:3)
  7 dart slugs
  82 orcs
  7 bats
  An endoplasm (D:3)
  2 giant cockroaches
  11 goblins
  3 hobgoblins
  7 jackals
  15 kobolds
  A quokka (D:3)
  4 ball pythons
  6 frilled lizards
  A giant cockroach zombie (Crypt:3)
  A goblin skeleton (Crypt:3)
  4 rats
  A starspawn tentacle (Vaults:1)
  4 tentacles (Shoals:4)
2356 creatures vanquished.

Vanquished Creatures (collateral kills)
  the Royal Jelly (Slime:5)
  A dread lich (Vaults:5)
  A tentacled monstrosity (Vaults:5)
  A titan (Slime:5)
  An azure jelly (Slime:5)
  A bennu (Tomb:3)
  A purple draconian (Slime:5)
  A glowing orange brain (Vaults:1)
  A vault sentinel (Vaults:5)
  2 guardian mummies (Tomb:3)
  A flying skull (Tomb:3)
  2 ushabtiu (Tomb:1)
  A mummy (Tomb:2)
15 creatures vanquished.

Vanquished Creatures (others)
  A fire giant (Slime:5)
  A dancing weapon (Elf:2)
  A naga ritualist (Snake:4)
  An ironbound convoker (Vaults:1)
  A black mamba (Snake:4)
  A water nymph (Shoals:4)
  An orc wizard (D:9)
  27 demonic plants (Gauntlet)
  23 fungi
  92 plants
  3 starspawn tentacles (Vaults:1)
  3 tentacles (Shoals:4)
155 creatures vanquished.

Grand Total: 2526 creatures vanquished

Notes
Turn   | Place    | Note
-------+----------+-------------------------------------------
     0 | D:1      | holysushi the Kobold Monk began the quest for the Orb.
     0 | D:1      | Reached XP level 1. HP: 14/14 MP: 1/1
   180 | D:1      | Reached XP level 2. HP: 19/19 MP: 2/2
   346 | D:1      | Reached skill level 5 in Short Blades
   757 | D:2      | Reached XP level 3. HP: 23/23 MP: 3/3
  1231 | D:2      | Found Owekli Fuhy's Magic Scroll Boutique.
  1612 | D:3      | Reached XP level 4. HP: 28/28 MP: 4/4
  1636 | D:3      | Found an ornate altar of the Wu Jian Council.
  1640 | D:3      | Noticed a spectral centipede
  1640 | D:3      | Noticed a spectral black mamba
  1640 | D:3      | Noticed a spectral cane toad
  2021 | D:3      | Reached XP level 5. HP: 31/32 MP: 5/5
  2030 | D:3      | Identified the +4 dagger of Beciomuin {drain, Will+ Str+3}
  2358 | D:4      | Found a bloodstained altar of Trog.
  2449 | D:4      | Found a burning altar of Makhleb.
  2451 | D:4      | Noticed an Executioner
  2452 | D:4      | Noticed an orange demon
  2452 | D:4      | Noticed a ynoxinul
  2457 | D:4      | Found a staircase to the Ecumenical Temple.
  2553 | Temple   | Entered the Ecumenical Temple
  2706 | D:4      | Noticed Duvessa
  2708 | D:4      | Noticed Dowan
  2730 | D:4      | Killed Duvessa
  2731 | D:4      | Reached XP level 6. HP: 11/37 MP: 6/6
  2751 | D:4      | HP: 1/37 [Dowan/stone arrow (5)]
  2753 | D:4      | Killed Dowan
  3016 | D:4      | Found a shimmering altar of Xom.
  3079 | D:4      | You fall into a shaft and drop 3 floors!
  3103 | D:6      | Learned a level 3 spell: Confusing Touch
  3318 | D:5      | Entered Level 5 of the Dungeon
  3880 | D:5      | Reached XP level 7. HP: 37/41 MP: 7/7
  3953 | D:5      | Noticed Sigmund
  3957 | D:5      | Killed Sigmund
  4423 | D:5      | Reached XP level 8. HP: 43/46 MP: 8/8
  4554 | D:5      | Found a glowing golden altar of the Shining One.
  5076 | D:6      | Found an opulent altar of Gozag.
  5165 | D:6      | Found a shimmering blue altar of Sif Muna.
  5274 | D:6      | Reached skill level 5 in Dodging
  6112 | D:2      | Bought a scroll of blinking for 97 gold pieces
  6112 | D:2      | Bought a scroll of enchant weapon for 97 gold pieces
  6112 | D:2      | Bought a scroll of fog for 52 gold pieces
  6290 | D:7      | Found a basalt altar of Yredelemnul.
  6322 | D:7      | Reached XP level 9. HP: 51/51 MP: 9/9
  6387 | D:7      | Reached skill level 1 in Evocations
  6455 | D:7      | Reached skill level 10 in Short Blades
  7140 | D:8      | Found a shadowy altar of Dithmenos.
  7388 | D:8      | Noticed a manticore
  7401 | D:8      | Killed a manticore
  7468 | D:8      | Reached skill level 5 in Evocations
  7618 | D:8      | Found a radiant altar of Vehumet.
  7708 | D:8      | Found an iron altar of Okawaru.
  7716 | D:8      | Reached XP level 10. HP: 56/56 MP: 10/10
  7717 | D:8      | Became a worshipper of Warmaster Okawaru
  7717 | D:8      | Reached * piety under Okawaru
  7717 | D:8      | Reached ** piety under Okawaru
  7829 | D:8      | Reached skill level 10 in Dodging
  7830 | D:8      | Identified the +7 sling "Yddaorum" {heavy, Int+3 SInv}
  7869 | D:8      | Found a runed translucent gate.
  7870 | D:8      | Found a runed translucent gate.
  7876 | D:8      | Found a runed translucent gate.
  7970 | D:8      | Found a hazy altar of Hepliaklqana.
  8147 | D:8      | Found the amulet of Elemental Vulnerability {rPois rF--
                  | rC-- AC+8}
  8417 | D:9      | Found a glowing silver altar of Zin.
  8542 | D:9      | Noticed a manticore
  8564 | D:9      | Reached skill level 1 in Invocations
  8585 | D:9      | Killed a manticore
  8993 | D:9      | Noticed a fire crab
  8997 | D:9      | Killed a fire crab
  8997 | D:9      | Reached *** piety under Okawaru
  8998 | D:9      | Reached skill level 10 in Stealth
  9331 | D:10     | Entered Level 10 of the Dungeon
  9381 | D:10     | Reached XP level 11. HP: 42/60 MP: 13/13
  9474 | D:10     | Found a white marble altar of Elyvilon.
  9516 | D:10     | Found a portal to a secret trove of treasure.
  9542 | D:10     | Found a flagged portal.
  9548 | D:10     | Noticed a two-headed ogre
  9595 | D:10     | Killed a two-headed ogre
  9597 | Bailey   | Entered a bailey
  9776 | Bailey   | Reached **** piety under Okawaru
  9847 | Bailey   | Noticed an orc knight
  9889 | Bailey   | Killed an orc knight
  9890 | Bailey   | Reached skill level 10 in Evocations
 10049 | D:10     | Noticed Maggie
 10051 | D:10     | Killed Maggie
 10091 | D:10     | Noticed a two-headed ogre
 10092 | D:10     | Found a staircase to the Lair.
 10166 | D:10     | Killed a two-headed ogre
 10166 | D:10     | Reached ***** piety under Okawaru
 10704 | Lair:1   | Entered Level 1 of the Lair of Beasts
 10745 | Lair:1   | Noticed a death yak
 10782 | Lair:1   | Killed a death yak
 10853 | Lair:1   | Noticed Gastronok
 10855 | Lair:1   | Killed Gastronok
 10856 | Lair:1   | Reached skill level 5 in Fighting
 10856 | Lair:1   | Reached XP level 12. HP: 68/68 MP: 14/14
 10959 | Lair:1   | Reached skill level 1 in Shields
 11254 | Lair:1   | Reached ****** piety under Okawaru
 11366 | Lair:1   | Identified the +4 pair of boots "Hecuu" {rF+} (Okawaru
                  | gifted it to you on level 1 of the Lair of Beasts)
 11366 | Lair:1   | Received a gift from Okawaru
 11480 | Lair:1   | Reached skill level 5 in Shields
 11588 | Lair:1   | Noticed a death yak
 11589 | Lair:1   | Noticed a death yak
 11590 | Lair:1   | Noticed a death yak
 11590 | Lair:1   | Noticed a death yak
 11661 | Lair:1   | Killed a death yak
 11727 | Lair:1   | Killed a death yak
 11738 | Lair:1   | Killed a death yak
 11749 | Lair:1   | Killed a death yak
 12292 | Lair:2   | Found a staircase to the Snake Pit.
 12354 | Lair:2   | Reached XP level 13. HP: 78/78 MP: 15/15
 12415 | Lair:2   | Found a dark tunnel.
 12423 | Volcano  | Entered a volcano
 12715 | Volcano  | Found a radiant altar of Vehumet.
 12718 | Volcano  | Reached skill level 15 in Stealth
 13004 | Lair:2   | Noticed Harold
 13006 | Lair:2   | Killed Harold
 13006 | Lair:2   | Received a gift from Okawaru
 14496 | Lair:3   | Received a gift from Okawaru
 14602 | Lair:3   | Noticed Snorg
 14606 | Lair:3   | Killed Snorg
 14700 | Lair:3   | Found a staircase to the Shoals.
 14998 | Lair:3   | Reached XP level 14. HP: 64/84 MP: 16/16
 15271 | Lair:3   | Identified the +1 buckler "Ufaosih" {rPois rC- rCorr SInv}
                  | (Okawaru gifted it to you on level 3 of the Lair of Beasts)
 15271 | Lair:3   | Received a gift from Okawaru
 16491 | Lair:5   | Entered Level 5 of the Lair of Beasts
 17215 | Lair:5   | Found a staircase to the Slime Pits.
 17215 | Lair:5   | Found a viscous altar of Jiyva.
 17640 | Lair:5   | Found a large runed translucent door.
 17642 | Lair:5   | Found a large runed translucent door.
 17707 | Lair:5   | Identified the +1 glaive of Ifaprox Weqa {holy, rPois rCorr
                  | Int+4 Dex-3}
 18027 | D:11     | Found a staircase to the Orcish Mines.
 18171 | D:11     | Found a broken altar of Ashenzari.
 18250 | D:11     | Received a gift from Okawaru
 18431 | D:11     | Reached skill level 10 in Fighting
 18863 | D:11     | Found a runed translucent door.
 18863 | D:11     | Noticed a tengu reaver
 18864 | D:11     | Noticed a fire giant
 18865 | D:11     | Noticed a war gargoyle
 18865 | D:11     | Noticed a deep elf annihilator
 18865 | D:11     | Noticed a frost giant
 19003 | D:12     | Noticed Sonja
 19007 | D:12     | Killed Sonja
 19160 | D:12     | Found Keomn's Antique Armour Shoppe.
 19479 | D:12     | Reached XP level 15. HP: 92/92 MP: 17/17
 20187 | D:13     | Reached skill level 15 in Dodging
 20207 | D:13     | Received a gift from Okawaru
 20295 | D:13     | Reached skill level 5 in Invocations
 20515 | D:13     | Found Disism's Book Shoppe.
 20748 | D:13     | Received a gift from Okawaru
 20840 | D:13     | Found a gate to the Vaults.
 20856 | D:13     | Identified the +1 pair of gloves "Ecliq" {-Cast rCorr
                  | Slay+6}
 21325 | D:14     | Found a runed translucent gate.
 21326 | D:14     | Found a runed translucent gate.
 21327 | D:14     | Found a runed translucent gate.
 21402 | D:14     | Found a gate leading to a gauntlet.
 21408 | Gauntlet | Entered a Gauntlet
 21408 | Gauntlet | Found a transporter.
 21408 | Gauntlet | Found a transporter.
 21417 | Gauntlet | Found a large runed translucent door.
 21419 | Gauntlet | Found a transporter.
 21421 | Gauntlet | Found a large runed translucent door.
 21429 | Gauntlet | Found a large runed translucent door.
 21429 | Gauntlet | Found a large runed translucent door.
 21430 | Gauntlet | Found a large runed translucent door.
 21430 | Gauntlet | Found a large runed translucent door.
 21430 | Gauntlet | Found a runed translucent door.
 21430 | Gauntlet | Found a runed translucent door.
 21433 | Gauntlet | Found a large runed translucent door.
 21434 | Gauntlet | Found a large runed translucent door.
 21435 | Gauntlet | Found a large runed translucent door.
 21435 | Gauntlet | Found a large runed translucent door.
 21444 | Gauntlet | Found a runed translucent gate.
 21445 | Gauntlet | Found a transporter.
 21464 | Gauntlet | Found a transporter.
 21464 | Gauntlet | Found a transporter.
 21489 | Gauntlet | Found a transporter.
 21519 | Gauntlet | Found a transporter.
 21561 | Gauntlet | Found a transporter.
 21569 | Gauntlet | Found a transporter.
 21591 | Gauntlet | Found a transporter.
 21598 | Gauntlet | Found a transporter.
 21686 | Gauntlet | Found a transporter.
 21694 | Gauntlet | Found a transporter.
 21716 | Gauntlet | Found a transporter.
 21723 | Gauntlet | Found a transporter.
 21898 | Gauntlet | Identified the ring "Apif" {rPois rF+ rN+}
 21953 | Gauntlet | Identified the +2 cloak of Soft Rains {rN+++ Will- Int+4}
 22125 | D:14     | Reached skill level 10 in Invocations
 22173 | D:14     | Received a gift from Okawaru
 22661 | D:14     | Noticed sirJeffrey23's ghost (journeyman NaHu)
 22668 | D:14     | Killed sirJeffrey23's ghost
 22800 | D:15     | Entered Level 15 of the Dungeon
 22816 | D:15     | Reached XP level 16. HP: 97/97 MP: 23/23
 23020 | D:15     | Noticed Azrael
 23029 | D:15     | Killed Azrael
 23474 | D:15     | Found a runed translucent gate.
 23476 | D:15     | Found a runed translucent gate.
 23477 | D:15     | Found a runed translucent gate.
 23601 | D:15     | Found a staircase to the Depths.
 24073 | D:15     | Noticed Usinnox's ghost (journeyman OpFi)
 24091 | D:15     | Killed Usinnox's ghost
 24375 | Snake:1  | Entered Level 1 of the Snake Pit
 24479 | Snake:1  | Received a gift from Okawaru
 24539 | Snake:1  | Noticed Josephine
 24543 | Snake:1  | Killed Josephine
 25147 | Snake:1  | Received a gift from Okawaru
 25741 | Snake:2  | Reached XP level 17. HP: 102/102 MP: 24/24
 25844 | Snake:2  | Noticed Aizul
 25848 | Snake:2  | Killed Aizul
 26383 | Snake:2  | Identified the +1 buckler "Bunwoog" {rPois} (Okawaru gifted
                  | it to you on level 2 of the Snake Pit)
 26383 | Snake:2  | Received a gift from Okawaru
 26665 | Snake:2  | Found Emicir's Vocational Training.
 26671 | Snake:2  | Bought a manual of Evocations for 1440 gold pieces
 27005 | Snake:3  | Found a white marble altar of Elyvilon.
 28652 | Snake:4  | Entered Level 4 of the Snake Pit
 29124 | Snake:4  | Found Uvoussen's Book Emporium.
 29124 | Snake:4  | Found Joikoklu's Book Emporium.
 29125 | Snake:4  | Found Uhadeck's Jewellery Shop.
 29175 | Snake:4  | Identified the +10 dagger of Rusezer {protect, rElec Str+6
                  | Dex+3} (Okawaru gifted it to you on level 4 of the Snake
                  | Pit)
 29175 | Snake:4  | Received a gift from Okawaru
 29455 | Snake:4  | Reached XP level 18. HP: 88/107 MP: 25/25
 29587 | Snake:4  | Found an iron altar of Okawaru.
 30099 | Snake:4  | Received a gift from Okawaru
 30208 | Snake:4  | Found Zytakucu's Specific Store.
 30209 | Snake:4  | Found Xofuac's General Store.
 30778 | Snake:4  | Got a serpentine rune of Zot
 31070 | Shoals:1 | Entered Level 1 of the Shoals
 31236 | Shoals:1 | Identified the +1 robe of Bellicose Miracles {Int+2}
                  | (Okawaru gifted it to you on level 1 of the Shoals)
 31236 | Shoals:1 | Received a gift from Okawaru
 31706 | Shoals:1 | Reached skill level 15 in Short Blades
 32619 | Shoals:2 | Noticed Ilsuiw
 32903 | Shoals:2 | Killed Ilsuiw
 33087 | Shoals:2 | Identified the +8 rapier of the Wicked God {heavy, Stlth+}
                  | (Okawaru gifted it to you on level 2 of the Shoals)
 33087 | Shoals:2 | Received a gift from Okawaru
 33096 | Shoals:2 | Reached XP level 19. HP: 116/116 MP: 26/26
 33119 | Shoals:2 | Identified a scroll of acquirement
 33193 | Shoals:2 | Acquired 1129 gold pieces
 34056 | Shoals:2 | Noticed Polyphemus
 34060 | Shoals:2 | Killed Polyphemus
 34549 | Shoals:3 | Received a gift from Okawaru
 34824 | Shoals:3 | Found Qoladutu's Visitors' Centre.
 35158 | Shoals:4 | Entered Level 4 of the Shoals
 35334 | Shoals:4 | Found the +5 Force Lance {heavy, knockback}
 35726 | Shoals:4 | Reached skill level 15 in Evocations
 35736 | Shoals:4 | Received a gift from Okawaru
 36623 | Shoals:4 | HP: 5/118 [frost giant] (4)]
 37314 | Shoals:4 | Got a barnacled rune of Zot
 37371 | Shoals:4 | Received a gift from Okawaru
 37398 | Shoals:4 | Identified the +2 leather armour of the Eye-covered Grue
                  | {Fly rElec Will-}
 37626 | Shoals:4 | Reached XP level 20. HP: 124/124 MP: 27/27
 38058 | Orc:1    | Entered Level 1 of the Orcish Mines
 38120 | Orc:1    | Noticed Fannar
 38124 | Orc:1    | Killed Fannar
 38692 | Orc:2    | Entered Level 2 of the Orcish Mines
 38732 | Orc:2    | Noticed Rupert
 38748 | Orc:2    | Killed Rupert
 38960 | Orc:2    | Found Xummu's Assorted Antiques.
 38964 | Orc:2    | Found Suadah's Jewellery Shop.
 38967 | Orc:2    | Found Daedghev's Armour Shop.
 38971 | Orc:2    | Identified the +0 buckler of Bejunuv {-Cast rElec Will+++
                  | Dex-5} (Okawaru gifted it to you on level 2 of the Orcish
                  | Mines)
 38971 | Orc:2    | Received a gift from Okawaru
 38972 | Orc:2    | Found Woav's Magic Scroll Emporium.
 38974 | Orc:2    | Paralysed by an orc sorcerer for 3 turns
 39012 | Orc:2    | Bought a scroll of blinking for 82 gold pieces
 39012 | Orc:2    | Bought a scroll of enchant armour for 82 gold pieces
 39012 | Orc:2    | Bought a scroll of enchant armour for 82 gold pieces
 39040 | Orc:2    | Bought the amulet "Kuoxzuta" {Spirit Regen+ Dex+3 Slay+2}
                  | for 878 gold pieces
 39084 | Orc:2    | Found a staircase to the Elven Halls.
 39398 | Orc:1    | Noticed Erica
 39399 | Orc:1    | Killed Erica
 39595 | Elf:1    | Entered Level 1 of the Elven Halls
 39611 | Elf:1    | Paralysed by an air elemental for 1 turns
 39658 | Elf:1    | Found a crumbling gateway.
 39666 | Desolati | Entered the Desolation of Salt
 39744 | Desolati | Identified the ring of Wiukhlil {rF++ Str-2 Dex+6}
 39874 | Desolati | Found the +0 staff of Battle
 39894 | Desolati | Identified the +0 morningstar "Gaiti" {heavy, *Rage rN+++
                  | Int-2 Stlth+}
 39917 | Desolati | Identified the +0 sling of Fundamental Breach {elec, rElec
                  | rN+}
 40005 | Desolati | Identified the +0 sling of Egaf {antimagic, rPois rCorr
                  | Str+3}
 40162 | Desolati | Identified the +2 scale mail of Edaor {+Inv rPois rN++
                  | Dex-2}
 40252 | Desolati | Got the Spellbook of the Spider
 40256 | Desolati | Got Kacivewn's Quarto of Hail and Fascination
 40487 | Desolati | Identified the +0 chain mail of the Stars {rPois Will++
                  | Str-5 Int+3}
 40502 | Desolati | Identified the amulet "Niutolouso" {Spirit Dex+4 Stlth+}
 40562 | Desolati | Identified the -2 helmet "Bisaod" {rElec} (Okawaru gifted
                  | it to you in the Desolation of Salt)
 40562 | Desolati | Received a gift from Okawaru
 42580 | Elf:1    | Reached XP level 21. HP: 132/132 MP: 28/28
 42910 | Elf:2    | Reached skill level 15 in Fighting
 43332 | Elf:2    | Found a huge runed translucent gate.
 43332 | Elf:2    | Found a huge runed translucent gate.
 43332 | Elf:2    | Found a huge runed translucent gate.
 43332 | Elf:2    | Found a huge runed translucent gate.
 43334 | Elf:2    | Found a huge runed translucent gate.
 43478 | Elf:2    | Noticed Nikola
 43512 | Elf:2    | Acquired a manual of Evocations
 43557 | Elf:2    | Received a gift from Okawaru
 43557 | Elf:2    | Found the +18 Lear's hauberk
 43635 | Elf:2    | Killed Nikola
 43912 | Elf:3    | Entered Level 3 of the Elven Halls
 43926 | Elf:3    | Identified the +1 cloak "Jafidown" {rN+ rCorr Dex-4}
 44084 | Elf:3    | Noticed a Brimstone Fiend
 44158 | Elf:3    | Received a gift from Okawaru
 44316 | Elf:3    | Identified the amulet "Omnuwk" {RegenMP Contam +Blink rCorr
                  | Int+3}
 44329 | Elf:3    | Identified the +9 great sword of Gick {heavy, rPois MP+9}
 44329 | Elf:3    | Identified the ring of Irrepressible Laughter {Ice rCorr}
 44347 | Elf:3    | Identified the +9 quarterstaff "Earthworm" {heavy, rN+}
 44361 | Elf:3    | Identified the +7 spear "Busoz" {heavy, Fragile rPois MP+9}
 44371 | Elf:3    | Identified the +7 mace of Echafuss {flame, +Blink rF-
                  | Int+5}
 44373 | Elf:3    | Found the +2 pair of slick slippers {slick, slippery, EV+5}
 44387 | Elf:3    | Identified the ring of Amelioration {Drain rF+ Will+ Int+4
                  | Slay+5}
 44431 | Elf:3    | Got the Codex of Flashy Frostbite
 44469 | Elf:3    | Acquired 1233 gold pieces
 44664 | Elf:3    | Reached XP level 22. HP: 148/148 MP: 29/29
 44843 | Elf:3    | Noticed Donald
 44847 | Elf:3    | Killed Donald
 44884 | Elf:3    | Noticed Saint Roka
 44920 | Elf:3    | Killed Saint Roka
 45840 | Slime:1  | Entered Level 1 of the Pits of Slime
 46115 | D:6      | Fell from the grace of Okawaru
 46115 | D:6      | Became a worshipper of Gozag Ym Sagoz the Greedy
 46588 | Lair:5   | Bought a +1 cloak of willpower for 346 gold pieces
 47245 | Slime:1  | Gained mutation: You are vulnerable to heat. (rF-) [a
                  | shining eye]
 47247 | Slime:1  | Lost mutation: You are vulnerable to heat. (rF-) [potion of
                  | mutation]
 47247 | Slime:1  | Gained mutation: You are agile. (Dex +4, Str/Int -1)
                  | [potion of mutation]
 47247 | Slime:1  | Gained mutation: Your flesh is cold resistant. (rC+)
                  | [potion of mutation]
 47277 | Slime:2  | You fall into a shaft and drop 2 floors!
 48415 | Slime:5  | Entered Level 5 of the Pits of Slime
 48440 | Slime:5  | Found a viscous altar of Jiyva.
 48441 | Slime:5  | Noticed the Royal Jelly
 48466 | Slime:5  | Paralysed by a great orb of eyes for 5 turns
 49492 | Slime:5  | Killed the Royal Jelly
 49731 | Slime:3  | Gained mutation: You are occasionally teleported next to
                  | monsters. [a shining eye]
 50702 | Slime:5  | Got a slimy rune of Zot
 50708 | Slime:5  | Got the Compilation of Transmuted Shifting
 50727 | Slime:5  | Identified the ring of Xom's Malicious Joy {Fly Str+3 Int+3
                  | Dex-5 SInv}
 50740 | Slime:5  | Identified the +1 scale mail of Patterns {rElec}
 50745 | Slime:5  | Identified the +1 robe of Wel Siniar {Str+6}
 50752 | Slime:5  | Found the macabre finger necklace {Finger+ rN+}
 52135 | Slime:2  | Reached XP level 23. HP: 117/153 MP: 19/30
 52714 | D:10     | You showed the slimy rune of Zot to enter a treasure trove
 52715 | Trove    | Entered a treasure trove
 52719 | Trove    | Identified the -1 cloak "Qomitag" {rElec Int+4}
 52720 | Trove    | Identified the +1 chain mail of the Mackerel {Rampage}
 52724 | Trove    | Identified the +1 robe of Sloth {Harm rPois rF- Dex+4}
 52725 | Trove    | Identified the +3 buckler of the Sunfish {Dex+5}
 52738 | Trove    | Identified the +1 pair of boots "Rumn" {Int+2}
 52739 | Trove    | Identified the +1 buckler of Xikyvodo {*Corrode Will+ Int+3
                  | Slay+5}
 52740 | Trove    | Identified the +4 buckler "Ugech" {rC++}
 52744 | Trove    | Identified the +5 steam dragon scales of the Silversmith
                  | {Harm Rampage *Slow rElec}
 52882 | Vaults:1 | Entered Level 1 of the Vaults
 52953 | Vaults:1 | Found a transporter.
 52957 | Vaults:1 | Found a one-way gate to the infinite horrors of the Abyss.
 52957 | Vaults:1 | Noticed Pixtaico's ghost (adept FeNe)
 52978 | Vaults:1 | Noticed a profane servitor
 53041 | Vaults:1 | Found a transporter.
 54852 | Vaults:1 | Killed a profane servitor
 54872 | Vaults:1 | Killed Pixtaico's ghost
 55089 | Vaults:2 | Identified the +7 scale mail of Fun {rC+}
 55981 | Vaults:2 | Was forgiven by Okawaru
 56210 | Vaults:2 | Reached XP level 24. HP: 160/160 MP: 30/30
 56384 | Vaults:2 | Found a staircase to the Crypt.
 56384 | Vaults:2 | Found a basalt altar of Yredelemnul.
 56384 | Vaults:2 | Found an ancient bone altar of Kikubaaqudgha.
 56505 | Vaults:2 | Found a large runed translucent door.
 56505 | Vaults:2 | Found a large runed translucent door.
 56505 | Vaults:2 | Noticed Pileu's ghost (adept DsFE)
 56506 | Vaults:2 | Found a large runed translucent door.
 56506 | Vaults:2 | Found a large runed translucent door.
 56507 | Vaults:2 | Found a large runed translucent door.
 56507 | Vaults:2 | Found a large runed translucent door.
 56508 | Vaults:2 | Found a large runed translucent door.
 56508 | Vaults:2 | Found a large runed translucent door.
 57001 | Vaults:2 | Killed Pileu's ghost
 57032 | Vaults:2 | You fall into a shaft and drop 2 floors!
 57386 | Vaults:4 | Found a flickering gateway to a bazaar.
 57400 | Bazaar   | Entered a bazaar
 57412 | Bazaar   | Found Xoiraty's Armour Boutique.
 57433 | Bazaar   | Found Votsarofop's Antique Armour Emporium.
 57438 | Bazaar   | Bought a faintly glowing robe for 159 gold pieces
 57438 | Bazaar   | Identified the +0 robe of Insecurity {rN++ Regen+} (You
                  | bought it in a shop in a bazaar)
 57460 | Bazaar   | Found Vaquz's Book Boutique.
 57480 | Bazaar   | Found Cyat's Antique Weapon Shoppe.
 58774 | Vaults:3 | Found Eludajoe's General Store.
 58779 | Vaults:3 | Bought a potion of heal wounds for 100 gold pieces
 60327 | Vaults:2 | Bought a brightly glowing ring mail for 279 gold pieces
 60327 | Vaults:2 | Identified the +1 ring mail "Doeskuva" {rElec Int-5 Stlth+}
                  | (You bought it in a shop on level 2 of the Vaults)
 60426 | Vaults:5 | Entered Level 5 of the Vaults
 60597 | Vaults:4 | Reached XP level 25. HP: 163/165 MP: 26/30
 61202 | Vaults:5 | Found Foluoheh's Jewellery Shoppe.
 61298 | Vaults:5 | Found Xiklil's Jewellery Shop.
 61764 | Vaults:5 | Found Puno's Armour Shop.
 61787 | Vaults:5 | Noticed a dread lich
 61842 | Vaults:5 | Killed a dread lich
 61886 | Vaults:5 | Bought the +0 hat of Dishonesty {Drain Fly Will+ Int+3} for
                  | 271 gold pieces
 62006 | Vaults:5 | Found Mocirytse's Magic Scroll Shoppe.
 62011 | Vaults:5 | Bought a scroll of enchant armour for 82 gold pieces
 62011 | Vaults:5 | Bought a scroll of teleportation for 33 gold pieces
 62049 | Vaults:5 | Noticed an ancient lich
 62095 | Vaults:5 | Killed an ancient lich
 62235 | Vaults:5 | Found Canemm's Distillery.
 62240 | Vaults:5 | Bought a potion of heal wounds for 85 gold pieces
 62243 | Vaults:5 | Found Maijoj's Magic Scroll Emporium.
 62247 | Vaults:5 | Bought a scroll of enchant armour for 150 gold pieces
 62247 | Vaults:5 | Bought 3 scrolls of enchant armour for 450 gold pieces
 62247 | Vaults:5 | Bought a scroll of teleportation for 60 gold pieces
 62477 | Vaults:5 | Found Heimo's Assorted Antiques.
 62488 | Vaults:5 | Noticed a dread lich
 62516 | Vaults:5 | Killed a dread lich
 62616 | Vaults:5 | Got a silver rune of Zot
 63090 | Crypt:1  | Entered Level 1 of the Crypt
 63132 | Crypt:1  | Reached XP level 26. HP: 96/174 MP: 26/30
 63710 | Crypt:1  | Noticed Sojobo
 63856 | Crypt:1  | Killed Sojobo
 64296 | Crypt:2  | Identified the ring of Alloak {rPois rN+ Int+8 Dex-4
                  | Slay+5}
 65330 | Crypt:3  | Entered Level 3 of the Crypt
 65496 | Crypt:3  | Found a staircase to the Tomb.
 66289 | Crypt:3  | Identified the amulet of Norenul {Regen+ Int+3}
 66289 | Crypt:3  | Identified the ring "Hihiuh" {rN+ Dex+4 Stlth+}
 66289 | Crypt:3  | Identified the ring of Etoipsil {rPois rN+ Int+3 Slay+5}
 66616 | Crypt:3  | Identified the +0 plate armour "Pynoisaa" {Harm Will+}
 67202 | Crypt:3  | Bought a scroll of enchant weapon for 172 gold pieces
 67320 | Crypt:3  | Found the +8 demon blade "Leech" {evervamp, Harm Drain rN+}
 67550 | Crypt:3  | Identified the +6 great mace "Tormentor" {heavy, MP+9 Str-4
                  | Dex+8}
 67552 | Crypt:3  | Identified the +1 quarterstaff of Baizeate {elec, rElec rN+
                  | Int-2}
 67638 | Tomb:1   | Entered Level 1 of the Tomb of the Ancients
 67761 | Tomb:1   | Noticed Mennas
 67789 | Tomb:1   | Killed Mennas
 67790 | Tomb:1   | Reached XP level 27. HP: 63/179 MP: 9/30
 68046 | Tomb:1   | Noticed a royal mummy
 68060 | Tomb:1   | Killed a royal mummy
 68393 | Tomb:1   | Noticed a royal mummy
 68394 | Tomb:1   | Noticed a royal mummy
 68399 | Tomb:1   | Noticed a royal mummy
 68405 | Tomb:1   | Killed a royal mummy
 68487 | Tomb:1   | Noticed a royal mummy
 68492 | Tomb:1   | Killed a royal mummy
 68751 | Tomb:1   | Noticed a royal mummy
 68764 | Tomb:1   | Killed a royal mummy
 68817 | Tomb:1   | Noticed a royal mummy
 68829 | Tomb:1   | Killed a royal mummy
 69367 | Tomb:2   | Noticed a royal mummy
 69371 | Tomb:2   | Killed a royal mummy
 69410 | Tomb:2   | Noticed a royal mummy
 69416 | Tomb:2   | Killed a royal mummy
 69467 | Tomb:2   | Noticed a royal mummy
 69645 | Tomb:2   | Noticed a royal mummy
 69664 | Tomb:2   | Killed a royal mummy
 69665 | Tomb:2   | Reached skill level 1 in Spellcasting
 69703 | Tomb:2   | Killed a royal mummy
 69718 | Tomb:2   | HP: 3/179 [death scarab (26)]
 69896 | Tomb:2   | Reached skill level 5 in Spellcasting
 70708 | Tomb:1   | Noticed a royal mummy
 70722 | Tomb:1   | Killed a royal mummy
 70765 | Tomb:1   | Noticed a royal mummy
 70769 | Tomb:1   | Killed a royal mummy
 70834 | Tomb:1   | Noticed a royal mummy
 70837 | Tomb:1   | Noticed a royal mummy
 70840 | Tomb:1   | Killed a royal mummy
 70845 | Tomb:1   | Killed a royal mummy
 70849 | Tomb:1   | Killed a royal mummy
 70934 | Tomb:1   | Noticed a royal mummy
 70947 | Tomb:1   | Killed a royal mummy
 70948 | Tomb:1   | Reached skill level 10 in Spellcasting
 70967 | Tomb:1   | Noticed a royal mummy
 70981 | Tomb:1   | Killed a royal mummy
 71001 | Tomb:1   | Noticed a royal mummy
 71004 | Tomb:1   | Killed a royal mummy
 71009 | Tomb:1   | Killed a royal mummy
 71022 | Tomb:1   | Noticed a royal mummy
 71033 | Tomb:1   | Killed a royal mummy
 71100 | Tomb:1   | Noticed a royal mummy
 71107 | Tomb:1   | Killed a royal mummy
 71111 | Tomb:1   | Noticed a royal mummy
 71136 | Tomb:1   | Killed a royal mummy
 71233 | Tomb:1   | Noticed a royal mummy
 71235 | Tomb:1   | Noticed a royal mummy
 71237 | Tomb:1   | Noticed a royal mummy
 71241 | Tomb:1   | Killed a royal mummy
 71246 | Tomb:1   | Killed a royal mummy
 71253 | Tomb:1   | Killed a royal mummy
 71318 | Tomb:1   | Noticed a royal mummy
 71322 | Tomb:1   | Noticed a royal mummy
 71339 | Tomb:1   | Killed a royal mummy
 71370 | Tomb:1   | Noticed a royal mummy
 71379 | Tomb:1   | Killed a royal mummy
 71381 | Tomb:1   | Killed a royal mummy
 71526 | Tomb:1   | Noticed a royal mummy
 71550 | Tomb:1   | Killed a royal mummy
 71553 | Tomb:1   | Noticed a royal mummy
 71567 | Tomb:1   | Killed a royal mummy
 71619 | Tomb:1   | Noticed a royal mummy
 71638 | Tomb:1   | Killed a royal mummy
 71675 | Tomb:1   | Noticed a royal mummy
 71676 | Tomb:1   | Noticed a royal mummy
 71711 | Tomb:1   | Killed a royal mummy
 71733 | Tomb:1   | Killed a royal mummy
 73423 | Tomb:3   | Entered Level 3 of the Tomb of the Ancients
 73448 | Tomb:3   | Noticed a royal mummy
 73562 | Tomb:3   | Killed a royal mummy
 73578 | Tomb:3   | Noticed a royal mummy
 73723 | Tomb:3   | Noticed a royal mummy
 73723 | Tomb:3   | Noticed a royal mummy
 73728 | Tomb:3   | Killed a royal mummy
 73730 | Tomb:3   | Killed a royal mummy
 73766 | Tomb:3   | Killed a royal mummy
 73767 | Tomb:3   | Reached skill level 15 in Spellcasting
 73777 | Tomb:3   | Noticed a royal mummy
 73778 | Tomb:3   | Noticed a royal mummy
 73789 | Tomb:3   | Killed a royal mummy
 73797 | Tomb:3   | Killed a royal mummy
 73821 | Tomb:3   | Noticed a royal mummy
 73831 | Tomb:3   | Killed a royal mummy
 73926 | Tomb:3   | Noticed a royal mummy
 73940 | Tomb:3   | Killed a royal mummy
 73971 | Tomb:3   | Noticed Khufu
 73975 | Tomb:3   | Killed Khufu
 74053 | Tomb:3   | Got a golden rune of Zot
 74185 | Tomb:3   | HP: 7/177 [death scarab (8)]
 74185 | Tomb:3   | Mangled by a death scarab

Illustrated notes

Levels and vault maps discovered:
D:1:      scummos_arrival_hexagon, layout_loops_cross, st_stairs_14,
          minmay_misc_feat_iff, hangedman_decor_opposing
D:2:      layout_loops_cross, serial_shops, nicolae_shop_stone, wad_orctagon
D:3:      minmay_diamond_boxcup, layout_loops_ring,
          pdpol_wu_jian_five_deadly_venoms
D:4:      layout_loops_ring, lemuel_coloured_pillars_altar,
          makhleb_altar_promises_db, mainiacjoe_overflow_catwalk,
          minmay_temple_entry_drinking_statues, minmay_misc_feat_five,
          uniq_duvessa
D:5:      layout_cave_pods, mainiacjoe_overflow_surrounded_room, uniq_sigmund
D:6:      layout_basic, marbit_many_paths, mainiacjoe_overflow_24_doors
D:7:      layout_basic, yredelemnul_altar_generic, kennysheep_nondescript
D:8:      layout_basic, amcnicky_altar_gilded,
          worldfamousw_hep_ancestral_shrine, okawaru_humans,
          mainiacjoe_overflow_six_doors_small, gammafunk_ghost_necromancy
D:9:      layout_roguey, mainiacjoe_overflow_boulevard
D:10:     layout_loops_ring, mainiacjoe_overflow_tiny_flanked,
          erik_lair_orcish_takeover, enter_bailey_5,
          nicolae_trove_entry_isolated, uniq_maggie
D:11:     minmay_gate_of_8, layout_loops_ring, orc_0_dummy,
          evilmike_ruin_ashenzari
D:12:     layout_irregular_city, serial_shops, nicolae_square_shop, uniq_sonja
D:13:     layout_basic, grunt_vaults_entry_tiered, serial_shops, shop
D:14:     layout_cave_pods, gauntlet_entry_generic, gammafunk_ghost_split
D:15:     hangedman_depths_entry_try_elsewhere_first, layout_basic,
          chequers_avenue, gammafunk_ghost_spectres, uniq_azrael
Temple:   nicolae_temple_superstar
Lair:1:   layout_roguey, grunt_megastairs_5, lemuel_fruit_tree, uniq_gastronok
Lair:2:   layout_roguey, nicolae_snake_entry_warm_welcome, enter_volcano_3,
          uniq_harold
Lair:3:   layout_chaotic_city, minmay_shoals_entry_lonely_mermaid,
          hibernation_bobbens, uniq_snorg
Lair:4:   layout_small_grid, st_stairs_13, minmay_holes
Lair:5:   cheibrodos_lair_end_hotspot, layout_regular_city, slime_entry_1
Shoals:1: layout_shoals
Shoals:2: layout_shoals, uniq_ilsuiw, uniq_polyphemus
Shoals:3: nicolae_shoals_mermall, layout_shoals
Shoals:4: shoals_end_grunt_ice, layout_shoals, shoals_ilsuiw_ice,
          nicolae_shoals_nautilus_by_nature
Snake:1:  nicolae_snakescales, layout_rooms, hangedman_snake_corridor_cut,
          uniq_josephine
Snake:2:  layout_chambers, nicolae_shop_vocational, grunt_megastairs_1,
          uniq_aizul
Snake:3:  layout_onion, basic_altar, nicolae_coiled_stairwell_up,
          serial_bayou_shore_b, nicolae_integral_box, serial_bayou_shore_b
Snake:4:  johnstein_snake_rune_scales, layout_onion, nicolae_specific_store,
          lemuel_altar_in_water2, nicolae_snake_round_shape_thing,
          minmay_shop_grove, grunt_megastairs_3
Slime:1:  layout_caves
Slime:2:  layout_caves
Slime:3:  layout_caves
Slime:4:  layout_caves, uniq_dissolution
Slime:5
Orc:1:    nicolae_orc_accident_1, layout_diamond_mine, nicolae_orc_bridge_out,
          uniq_erica, uniq_fannar
Orc:2:    st_orc_elflike, layout_caves, uniq_rupert
Elf:1:    nicolae_elf_arrival_aired_out, layout_onion_city,
          portal_desolation_entry_salt
Elf:2:    elven_hall_of_blades_hangedman_alternative
          [infiniplex_blade_entry_pillars], layout_gridlike, uniq_nikola
Elf:3:    minmay_elf_hall_x, layout_loops_corners, uniq_donald, uniq_saint_roka
Vaults:1: gammafunk_ghost_abyssal_escape, v_misc_2, ontoclasm_vaults_hangar,
          hangedman_vaults_slither, vaults_mumra_chevron_long, v_alt_pattern_4,
          ontoclasm_vaults_claustrophobia, ontoclasm_vaults_water_temple,
          nicolae_vaults_angled_halls, ontoclasm_vaults_ligature, v_misc_14,
          nicolae_vaults_rhombus_7, nicolae_vaults_specimen_jars,
          vaults_room_stairs_pillars, layout_vaults_maze
Vaults:2: advil_vaults_ghost_lines, v_misc_9, v_rooms_2,
          nicolae_vaults_network_quinsquares
          [nicolae_vaults_network_quincunx_subvault,
          nicolae_vaults_network_quincunx_subvault,
          nicolae_vaults_network_quincunx_subvault,
          nicolae_vaults_network_quincunx_subvault], v_misc_16, v_alt_pattern_5,
          vaults_room_pool, ontoclasm_vaults_bender, st_cells, vaults_room_pool,
          minmay_crypt_entry_necro_gods, hangedman_vaults_cutoff,
          ontoclasm_vaults_decontamination, dpeg_vaults_monster_row,
          v_alt_pattern_1, nicolae_vaults_shelves_hall,
          vaults_dpeg_emergency_exit, layout_vaults_ring
Vaults:3: nicolae_vaults_ring_of_whatevers, vaults_room_door_hall,
          hangedman_vaults_corner, hangedman_vaults_slice, vaults_mumra_lcd,
          v_misc_22, nicolae_vaults_alarming, nicolae_vaults_little_squares_5,
          nicolae_vaults_little_squares_1, layout_vaults_omnigrid, serial_shops,
          shop_fountains
Vaults:4: v_misc_33, hangedman_vaults_restitches,
          nicolae_vaults_ring_of_whatevers, grunt_vaults_bifocal, v_misc_32,
          hangedman_vaults_restitches, v_misc_11, vaults_room_hallway,
          ontoclasm_vaults_pinch, hangedman_vaults_trim, v_misc_16,
          hangedman_vaults_impose, nicolae_vaults_ring_of_whatevers,
          nicolae_vaults_little_squares_6, vaults_room_door_ring,
          layout_vaults_omnicross, serial_shops, bzr_entry_customers
Vaults:5
Crypt:1:  layout_basic, uniq_sojobo
Crypt:2:  layout_regular_city, st_stairs_12
Crypt:3:  due_elkab, layout_chaotic_city, st_stairs_1
Tomb:1:   uniq_mennas
Tomb:2
Tomb:3

Skill      XL: |  1  2  3  4  5  6  7  8  9 10 11 12 13 14 15 16 17 18 19 20 21 22 23 24 25 26 27 |
---------------+----------------------------------------------------------------------------------+-----
Short Blades   | 5 6 7 8 9 10 14 15 17 20 22 24 26 | 26.9
Stealth        | 4 8 9 10 13 14 19 20 21 25 26 | 26.9
Dodging        | 7 9 10 12 13 14 15 19 20 21 22 24 26 | 26.9
Evocations     | 6 9 10 13 16 17 18 23 24 25 26 | 26.9
Invocations    | 3 10 | 10.0
Fighting       | 5 8 10 11 13 14 18 19 20 | 20.0
Shields        | 5 |  5.0
Spellcasting   | 16 | 16.4

Action                     |  1- 3 |  4- 6 |  7- 9 | 10-12 | 13-15 | 16-18 | 19-21 | 22-24 | 25-27 || total
---------------------------+-------+-------+-------+-------+-------+-------+-------+-------+-------++-------
  Melee: Short sword       |    69 |    46 |       |       |       |       |       |       |       ||   115
         Punch             |       |     1 |       |    14 |       |       |       |       |       ||    15
         Dagger            |       |    67 |   281 |   860 |   393 |    85 |       |       |       ||  1686
         Rapier            |       |       |       |       |   679 |   932 |  1406 |  2529 |  2172 ||  7718
         Quick blade       |       |       |       |       |    47 |       |       |       |       ||    47
 Invoke: Heroism           |       |       |       |     4 |       |     2 |     6 |       |       ||    12
         Finesse           |       |       |       |       |       |     1 |     3 |       |       ||     4
         Call Merchant     |       |       |       |       |       |       |       |     6 |     3 ||     9
         Potion Petition   |       |       |       |       |       |       |       |       |     1 ||     1
  Evoke: Wand              |       |       |       |    14 |     1 |       |    19 |     6 |    14 ||    54
         Condenser vane    |       |       |       |       |       |     1 |     5 |     3 |     7 ||    16
         Lightning rod     |       |       |       |       |       |       |     4 |       |       ||     4
         Box of beasts     |       |       |       |       |       |       |       |     2 |     6 ||     8
         Phial of floods   |       |       |       |       |       |       |       |       |     3 ||     3
         Phantom mirror    |       |       |       |       |       |       |       |       |     2 ||     2
    Use: Potion            |       |     2 |       |     1 |       |    13 |     6 |     7 |     3 ||    32
         Scroll            |       |       |     4 |    13 |    15 |     7 |    18 |    10 |     7 ||    74
   Stab: Sleeping          |    19 |    13 |    22 |    33 |    87 |    74 |   122 |   126 |    95 ||   591
         Distracted        |       |       |       |     2 |     6 |    18 |    23 |    37 |    85 ||   171
         Invisible         |       |       |       |     1 |     1 |       |     4 |     4 |    23 ||    33
 Armour: Robe              |    20 |    16 |    23 |     2 |       |       |       |       |    20 ||    81
         Steam dragon scal |       |       |       |    93 |   180 |   108 |    41 |       |       ||   422
         Troll leather arm |       |       |       |       |       |       |    48 |    77 |     3 ||   128
  Dodge: Dodged            |    41 |    47 |   124 |   641 |   902 |  1289 |  1278 |  1959 |  1567 ||  7848
  Block: Buckler           |       |       |       |    54 |   300 |   550 |   533 |   828 |   892 ||  3157

Table legend: (Time is in decaauts)
 A = Elapsed time spent in this place.
 B = Non-inter-level travel time spent in this place.
 C = Inter-level travel time spent in this place.
 D = Time resting spent in this place.
 E = Time spent auto-exploring this place.
 F = Levels seen in this place.
 G = Mean time per level.
                   A        B        C        D        E       F      G
               +--------+--------+--------+--------+--------+-----+--------+
         Total |  70189 |  64269 |   5920 |   7783 |  40813 |  56 | 1253.4 |
       Dungeon |  16201 |  14636 |   1565 |    597 |  11369 |  15 | 1080.1 |
        Temple |    127 |    127 |      0 |      0 |    117 |   1 |  127.0 |
          Lair |   7741 |   6213 |   1528 |    344 |   4281 |   5 | 1548.2 |
        Shoals |   7344 |   7001 |    343 |   1759 |   3492 |   4 | 1836.0 |
     Snake Pit |   6489 |   6308 |    181 |   1058 |   3897 |   4 | 1622.2 |
    Slime Pits |   5222 |   5106 |    116 |   2382 |   1320 |   5 | 1044.4 |
  Orcish Mines |   1615 |   1396 |    219 |    166 |    923 |   2 |  807.5 |
   Elven Halls |   3944 |   3745 |    199 |      0 |   2868 |   3 | 1314.7 |
        Vaults |   9087 |   8220 |    867 |    201 |   6095 |   5 | 1817.4 |
         Crypt |   4227 |   4037 |    190 |    132 |   3019 |   3 | 1409.0 |
          Tomb |   5238 |   4531 |    707 |    921 |   2248 |   3 | 1746.0 |
        Bazaar |    116 |    116 |      0 |      0 |     87 |   1 |  116.0 |
         Trove |     35 |     35 |      0 |      0 |      0 |   1 |   35.0 |
        Bailey |    298 |    298 |      0 |     53 |      0 |   1 |  298.0 |
       Volcano |    518 |    518 |      0 |     40 |    118 |   1 |  518.0 |
    Desolation |   1356 |   1356 |      0 |    129 |    634 |   1 | 1356.0 |
      Gauntlet |    621 |    621 |      0 |      0 |    344 |   1 |  621.0 |
               +--------+--------+--------+--------+--------+-----+--------+

Top non-repeatable levels by time:
  Tomb:1: 3350 daAuts
Shoals:4: 2343 daAuts
Vaults:2: 2150 daAuts
 Crypt:3: 2128 daAuts
Vaults:1: 2052 daAuts
 Snake:3: 1994 daAuts
  Lair:1: 1934 daAuts
Shoals:1: 1898 daAuts
 Snake:4: 1883 daAuts
Vaults:5: 1735 daAuts
  Lair:5: 1656 daAuts
Vaults:4: 1608 daAuts
Shoals:2: 1580 daAuts
Vaults:3: 1540 daAuts
 Slime:4: 1532 daAuts
